 Dungeon Crawl Stone Soup version 0.32-a0-433-g08bcfe7efd (webtiles) character file.

Game seed: 17828833051983992041

6 Dittersdorf the Shield-Bearer (level 1, 0/14 HPs)
             Began as a Gargoyle Fighter on Feb 22, 2024.
             Frozen to death by an endoplasm (1 damage)
             ... on level 1 of the Dungeon.
             The game lasted 00:00:08 (192 turns).

Dittersdorf the Shield-Bearer (Gargoyle Fighter)     Turns: 192, Time: 00:00:09

Health: 0/14       AC:  9    Str: 19    XL:     1   Next: 90%
Magic:  1/1        EV:  9    Int:  8    God:
Gold:   46         SH:  4    Dex:  9    Spells: 0/0 levels left

rFire   . . .        a - +0 flail
rCold   . . .        c - +0 buckler
rNeg    + . .        b - +0 scale mail
rPois   ∞            (no helmet)
rElec   +            (no cloak)
rCorr   .            (no gloves)
SInv    .            (no boots)
Will    .....        (no amulet) Stlth
                     (no ring)
HPRegen 0.22/turn    (no ring)
MPRegen 0.07/turn

%: no passive effects
@: no status effects
A: sickness immunity, AC +2, negative energy resistance 1, electricity
resistance, torment resistance 1, petrification resistance
a: no special abilities


You were on level 1 of the Dungeon.
You visited 1 branch of the dungeon, and saw 1 of its levels.

You collected 46 gold pieces.

Inventory:

Hand Weapons
 a - a +0 flail (weapon)
Armour
 b - a +0 scale mail (worn)
 c - a +0 buckler (worn)
Scrolls
 e - a scroll of acquirement {unknown}
 f - a scroll of brand weapon {unknown}
Potions
 d - a potion of might


   Skills:
 + Level 3.4 Fighting
 + Level 2.1 Maces & Flails
 + Level 3.4 Armour
 + Level 3.4 Shields


You couldn't memorise any spells.
You didn't know any spells.
Your spell library was empty.

Dungeon Overview and Level Annotations

Branches:
Dungeon (1/15)

Altars:


Innate Abilities, Weirdness & Mutations

You are immune to sickness and miasma.
Your stone body is resilient. (AC +2)
You are immune to poison.
You resist negative energy. (rN+)
You are resistant to electric shocks. (rElec)
You are resistant to unholy torment.
You are immune to petrification.


Message History

The quokka bites you.
You hit the goblin.
The goblin is heavily wounded.
The goblin hits you but does no damage. The quokka bites you.
The goblin barely misses you.
You closely miss the goblin.
The goblin is heavily wounded.
The quokka barely misses you. The goblin misses you.
The quokka closely misses you.
You closely miss the goblin.
The goblin is heavily wounded.
The goblin barely misses you. The quokka bites you.
You hit the goblin.
You kill the goblin!
The quokka barely misses you. x2
The endoplasm freezes you.
You are frozen.
You hit the endoplasm.
The endoplasm is lightly wounded.
The quokka bites you but does no damage.
The endoplasm hits you.
The quokka bites you but does no damage.
You are too injured to fight recklessly!
You are too injured to fight recklessly!
You are too injured to fight recklessly!
You are too injured to fight recklessly!
You are too injured to fight recklessly!
You are too injured to fight recklessly!
There are monsters nearby!
You barely miss the quokka. You block the endoplasm's attack.
You block the quokka's attack.
You completely miss the quokka. The quokka bites you.
* * * LOW HITPOINT WARNING * * *
The endoplasm freezes you.
You are frozen.
* * * LOW HITPOINT WARNING * * *
The quokka barely misses you. The endoplasm freezes you.
You are frozen.
You die...

............# #.#####
#.#.######.###.#####
#..#..............# ##
#.#.####.###.###.# ..
##..# #.#...# #.# #.
##.#.####†#.#####.#
#..#...>.......†....#.
#...J..>........####.#
#####@##.............#
#r##.#####..####.#
#.##.# #... #.# #.# .#
..#.# #.# #.# .#...#
#.# #.# ###.## #.# #..
###


You could see an endoplasm and a quokka.

Vanquished Creatures
  A hobgoblin (D:1)
  2 bats (D:1)
  2 goblins (D:1)
  A rat (D:1)
6 creatures vanquished.

Notes
Turn   | Place    | Note
-------+----------+-------------------------------------------
     0 | D:1      | Dittersdorf the Gargoyle Fighter began the quest for the
                  | Orb.
     0 | D:1      | Reached XP level 1. HP: 14/14 MP: 1/1
   192 | D:1      | Frozen to death by an endoplasm

Illustrated notes

Levels and vault maps discovered:
D:1:      dpeg_arrival_rooms_b, layout_loops_ring, serial_shops,
          nicolae_diamond_shop

Action                     || total
---------------------------++-------
  Melee: Flail             ||    24
 Armour: Scale mail        ||    22
  Dodge: Dodged            ||    20
  Block: Buckler           ||     7

Table legend: (Time is in decaauts)
 A = Elapsed time spent in this place.
 B = Non-inter-level travel time spent in this place.
 C = Inter-level travel time spent in this place.
 D = Time resting spent in this place.
 E = Time spent auto-exploring this place.
 F = Levels seen in this place.
 G = Mean time per level.
                   A        B        C        D        E       F      G
               +--------+--------+--------+--------+--------+-----+--------+
         Total |    199 |    199 |      0 |      0 |    148 |   1 |  199.0 |
       Dungeon |    199 |    199 |      0 |      0 |    148 |   1 |  199.0 |
               +--------+--------+--------+--------+--------+-----+--------+

Top non-repeatable levels by time:
     D:1: 199 daAuts
